 Dungeon Crawl Stone Soup version 0.28-a0-804-g60983d4ba9 (webtiles) character file.

Game seed: 5691195836648662553

116 vurker the Gusty (level 5, -6/27 (29) HPs)
             Began as a Tengu Air Elementalist on Nov 7, 2021.
             Mangled by Crazy Yiuf (16 damage)
             ... on level 3 of the Dungeon.
             The game lasted 00:02:46 (3629 turns).

vurker the Gusty (Tengu Air Elementalist)           Turns: 3629, Time: 00:02:47

HP:   -6/27 (29)    AC:  2    Str:  8    XL:     5   Next: 0%
MP:   2/10          EV: 14    Int: 16    God:
Gold: 103           SH:  0    Dex: 15    Spells: 5/10 levels left

rFire   . . .      SeeInvis .   b - +0 dagger
rCold   . . .      Faith    .   (no shield)
rNeg    . . .      Spirit   .   a - +0 robe
rPois   .          Reflect  .   (helmet restricted)
rElec   .          Harm     .   (no cloak)
rCorr   .          Rampage  .   (no gloves)
Will    .....                   (boots unavailable)
Stlth   ++........              (no amulet)
HPRegen 0.09/turn               (no ring)
MPRegen 0.12/turn               (no ring)

@: flying quickly and evasively, very slightly contaminated, drained, quick
A: beak, talons 3, nimble flight
a: no special abilities


You were on level 3 of the Dungeon.
You visited 1 branch of the dungeon, and saw 3 of its levels.

You collected 103 gold pieces.

Inventory:

Hand Weapons
 b - a +0 dagger (weapon)
   (You took it off a goblin on level 1 of the Dungeon)
Armour
 a - a +0 robe (worn)
Wands
 d - a wand of iceblast (16)
   (You found it on level 2 of the Dungeon)
Scrolls
 c - 2 scrolls of identify {unknown}
 e - a scroll of teleportation {unknown}
 k - a scroll of fear {unknown}
 l - a scroll of enchant weapon {unknown}
Potions
 f - 3 potions of flight {unknown}
 g - a potion of curing {unknown}
 h - a potion of haste {unknown}
 i - a potion of attraction {unknown}
 j - a potion of heal wounds {unknown}


   Skills:
 + Level 1.6 Fighting
 - Level 2.1 Dodging
 - Level 2.0 Stealth
 * Level 3.1 Spellcasting
 + Level 2.6 Conjurations
 * Level 5.2 Air Magic


You had 5 spell levels left.
You knew the following spells:

 Your Spells              Type           Power      Damage    Failure   Level
a - Shock                 Conj/Air       60%        1d6       3%          1
c - Airstrike             Air            9%         N/A       22%         4

Your spell library contained the following spells:

 Spells                   Type           Power      Damage    Failure   Level
 Static Discharge         Conj/Air       15%        N/A       5%          2
 Swiftness                Air            19%        N/A       6%          3
 Dazzling Flash           Conj/Hex       12%        N/A       32%         3
 Silence                  Hex/Air        5%         N/A       86%         5
 Agony                    Necr           2%         N/A       99%         5


Dungeon Overview and Level Annotations

Branches:
Dungeon (3/15)

Altars:
Kikubaaqudgha

Annotations:
D:3 Crazy Yiuf, Grinder


Innate Abilities, Weirdness & Mutations

You have a beak for a mouth.
You have claws for feet.
Your magical nature lets you fly swiftly and evasively.


Message History

A ball python comes into view.
A ball python is nearby!
A ball python is nearby!
Aim: a ball python (asleep, 100% to hit)
The zap hits the ball python.
The ball python hisses angrily.
Aim: a ball python (severely wounded, 68% to hit)
The zap misses the ball python.
Aim: a ball python (severely wounded, 68% to hit)
The zap hits the ball python.
You kill the ball python!
You can't see any susceptible monsters within range! (Use Z to cast anyway.)
You can't see any susceptible monsters within range! (Use Z to cast anyway.)
You see here a +0 spear.
Key pressed, stopping explore.
Crazy Yiuf shouts!
Could not explore, unopened runed door.
Could not explore, unopened runed door.
Could not explore, unopened runed door.
You reach down and open the door.
Aim: Crazy Yiuf, wielding a +3 quarterstaff of chaos and wearing a +0 cloak (75% to hit)
The zap misses Crazy Yiuf.
Aim: Crazy Yiuf, wielding a +3 quarterstaff of chaos and wearing a +0 cloak (75% to hit)
The zap hits Crazy Yiuf.
Crazy Yiuf hits you with a +3 quarterstaff of chaos.
You feel drained.
Aim: Crazy Yiuf, wielding a +3 quarterstaff of chaos and wearing a +0 cloak (moderately wounded, 75% to hit)
The zap hits Crazy Yiuf.
Crazy Yiuf barely misses you.
Aim: Crazy Yiuf, wielding a +3 quarterstaff of chaos and wearing a +0 cloak (moderately wounded, 75% to hit)
The zap misses Crazy Yiuf.
Crazy Yiuf misses you.
Aim: Crazy Yiuf, wielding a +3 quarterstaff of chaos and wearing a +0 cloak (moderately wounded, 75% to hit)
The zap hits Crazy Yiuf.
Crazy Yiuf hits you with a +3 quarterstaff of chaos!
Aim: Crazy Yiuf, wielding a +3 quarterstaff of chaos and wearing a +0 cloak (heavily wounded, 75% to hit)
The zap hits Crazy Yiuf.
Crazy Yiuf barely misses you.
Aim: Crazy Yiuf, wielding a +3 quarterstaff of chaos and wearing a +0 cloak (severely wounded, 75% to hit)
The zap hits Crazy Yiuf but does no damage.
Crazy Yiuf barely misses you.
Aim: Crazy Yiuf, wielding a +3 quarterstaff of chaos and wearing a +0 cloak (severely wounded, 75% to hit)
You miscast Shock.
You are very lightly contaminated with residual magic.
Nothing appears to happen.
Crazy Yiuf hits you with a +3 quarterstaff of chaos.
* * * LOW HITPOINT WARNING * * *
You resist with some effort.
Aim: Crazy Yiuf, wielding a +3 quarterstaff of chaos and wearing a +0 cloak (severely wounded, 75% to hit)
The zap hits Crazy Yiuf but does no damage.
Crazy Yiuf hits you with a +3 quarterstaff of chaos!
Ouch! That really hurt!
You die...

...........###....####...#.###...
###.#......# #....# #......[#...
....#......# #....# #.......#...
.#.##......# #...## #...........
.#.##......# ##.## #...........
.#.##.....## #.## #.)<........
.#........## ##.# #...........
....#......# #.## #...........
....#......# ##@# #..#.(..#.##
....#......# #g# #..#........
....#......# ... #..######.#.
....#.....## #...# #...###...(.
##......#### #..)# #...........
...#.....5[# ##### ###.........
...#.......# #...........
...#...#...#############.....#...
.รท................##.#.......#...


You could see Crazy Yiuf.

Vanquished Creatures
  Robin (D:3)
  A gnoll (D:1)
  2 adders
  A worm (D:3)
  3 dart slugs (D:1)
  An orc (D:3)
  7 ball pythons
  5 endoplasms
  A giant cockroach (D:1)
  17 goblins
  5 hobgoblins
  4 jackals (D:1)
  2 quokkas
  5 bats
  2 frilled lizards (D:2)
  2 kobolds
  4 rats
63 creatures vanquished.

Notes
Turn   | Place    | Note
-------+----------+-------------------------------------------
     0 | D:1      | vurker the Tengu Air Elementalist began the quest for the
                  | Orb.
     0 | D:1      | Reached XP level 1. HP: 10/10 MP: 4/4
   342 | D:1      | Reached XP level 2. HP: 11/16 MP: 0/6
   529 | D:1      | You fall into a shaft and drop 1 floor!
   738 | D:1      | Reached XP level 3. HP: 12/20 MP: 2/7
   994 | D:1      | Reached skill level 1 in Fighting
  1467 | D:1      | Found a faded altar of an unknown god.
  2191 | D:2      | Found an ancient bone altar of Kikubaaqudgha.
  2262 | D:3      | Reached XP level 4. HP: 25/25 MP: 7/9
  2620 | D:3      | Found a runed translucent door.
  2621 | D:3      | Noticed Crazy Yiuf
  2648 | D:3      | Noticed Grinder
  2661 | D:3      | Reached skill level 5 in Air Magic
  2711 | D:3      | Noticed Robin
  3074 | D:3      | Killed Robin
  3356 | D:3      | Gained mutation: Your magical nature lets you fly swiftly
                  | and evasively. [Tengu growth]
  3356 | D:3      | Reached XP level 5. HP: 29/29 MP: 4/10
  3361 | D:3      | Learned a level 4 spell: Airstrike
  3629 | D:3      | Mangled by Crazy Yiuf

Illustrated notes

Levels and vault maps discovered:
D:1:      elethiomel_arrival_infinity_welcomes_careful_drivers,
          layout_loops_ring, basic_ecumenical_altar
D:2:      layout_loops_ring, basic_altar
D:3:      layout_basic, uniq_robin, uniq_grinder, uniq_crazy_yiuf_cottage

Skill      XL: |  1  2  3  4 |
---------------+-------------+-----
Fighting       | 1 |  1.6
Conjurations   | 2 |  2.6
Air Magic      | 5 |  5.2
Spellcasting   | 3 |  3.1
Dodging        | |  2.1
Stealth        | |  2.0

Action                   |  1- 3 |  4- 6 || total
-------------------------+-------+-------++-------
Melee: Unarmed           |     7 |       ||     7
       Kick              |     3 |       ||     3
       Peck              |     2 |       ||     2
       Dagger            |     1 |       ||     1
 Cast: Shock             |    74 |    72 ||   146
Armor: Robe              |     5 |     2 ||     7
Dodge: Dodged            |    13 |    18 ||    31

Table legend: (Time is in decaauts)
 A = Elapsed time spent in this place.
 B = Non-inter-level travel time spent in this place.
 C = Inter-level travel time spent in this place.
 D = Time resting spent in this place.
 E = Time spent auto-exploring this place.
 F = Levels seen in this place.
 G = Mean time per level.
                   A        B        C        D        E       F      G
               +--------+--------+--------+--------+--------+-----+--------+
         Total |   3613 |   3557 |     56 |    304 |   2889 |   3 | 1204.3 |
       Dungeon |   3613 |   3557 |     56 |    304 |   2889 |   3 | 1204.3 |
               +--------+--------+--------+--------+--------+-----+--------+

Top non-repeatable levels by time:
     D:1: 1540 daAuts
     D:2: 1055 daAuts
     D:3: 1018 daAuts
